 Dungeon Crawl Stone Soup version 0.28.0-53-g5a82cb258f (webtiles) character file.

Game seed: 6011079612499590695

122 Descartes the Cudgeller (level 4, -3/39 HPs)
             Began as a Troll Wanderer on May 21, 2022.
             Was an Initiate of Ashenzari.
             Slain by a gnoll
             ... wielding a +0 spear
              (5 damage)
             ... on level 3 of the Dungeon.
             The game lasted 00:04:13 (1696 turns).

Descartes the Cudgeller (Troll Wanderer)            Turns: 1696, Time: 00:04:13

Health: -3/39      AC:  4    Str: 18    XL:     4   Next: 78%
Magic:  4/4        EV:  5    Int: 15    God:    Ashenzari [......]
Gold:   127        SH:  0    Dex:  6    Spells: 4/5 levels left

rFire   . . .      SeeInvis .   a - +0 club of Ashenzari's Seeker {Melee, Cun} (curse)
rCold   . . .      Faith    .   (no shield)
rNeg    . . .      Spirit   .   b - +0 robe
rPois   .          Reflect  .   (helmet restricted)
rElec   .          Harm     .   (no cloak)
rCorr   .          Rampage  .   (gloves unavailable)
Will    .....                   (boots unavailable)
Stlth   +.........              (no amulet)
HPRegen 0.93/turn               g - +4 ring of slaying
MPRegen 0.09/turn               (no ring)

@: held
A: large, unfitting armour, claws 3, regeneration 1, shaggy fur 1, tough skin 1
a: Renounce Religion, Curse Item, Shatter the Chains


You were on level 3 of the Dungeon.
You worshipped Ashenzari.
Ashenzari was noncommittal.
You visited 1 branch of the dungeon, and saw 3 of its levels.

You collected 127 gold pieces.

Inventory:

Hand Weapons
 a - the cursed +0 club of Ashenzari's Seeker (weapon) {Melee, Cun}

   It has a curse which improves the following skills: Melee Combat: Short
   Blades, Long Blades, Axes, Maces & Flails, Polearms, Staves and Unarmed
   Combat.
   Cunning:   Dodging and Stealth.
Armour
 b - a +0 robe (worn)
Jewellery
 g - a +4 ring of slaying (left claw)
Wands
 c - a wand of polymorph (3)
Scrolls
 d - a scroll of teleportation {unknown}
 e - a scroll of identify {unknown}
 f - a scroll of amnesia {unknown}
 i - a scroll of immolation {unknown}
 j - a scroll of noise {unknown}
 k - a scroll of fear {unknown}
Potions
 h - a potion of heal wounds {unknown}
 l - a potion of curing {unknown}


   Skills:
 + Level 3.2(3.6) Maces & Flails
 + Level 2.0(2.3) Dodging
 - Level 1.2 Spellcasting
 - Level 2.9 Translocations
 - Level 1.2 Air Magic
 - Level 1.0 Invocations
 - Level 1.0 Evocations


You had 4 spell levels left.
You knew the following spells:

 Your Spells              Type           Power      Damage    Failure   Level
a - Apportation           Tloc           18%        N/A       7%          1

Your spell library contained the following spells:

 Spells                   Type           Power      Damage    Failure   Level
 Gell's Gravitas          Tloc           9%         N/A       22%         3
 Lesser Beckoning         Tloc           9%         N/A       22%         3
 Teleport Other           Tloc           9%         N/A       22%         3
 Foxfire                  Conj/Fire      0%         2x1d4     24%         1
 Corpse Rot               Necr/Air       4%         N/A       28%         2
 Poisonous Vapours        Pois/Air       4%         N/A       28%         2
 Conjure Flame            Conj/Fire      0%         6-21      58%         3
 Inner Flame              Hex/Fire       0%         N/A       58%         3
 Iskenderun's Mystic Bla  Conj/Tloc      5%         2d3       78%         4
 Flame Wave               Conj/Fire      0%         2d4       94%         4


Dungeon Overview and Level Annotations

Branches:
Dungeon (3/15)

Altars:
Ashenzari
Zin


Innate Abilities, Weirdness & Mutations

You are too large for most types of armour.
You have claws for hands.
Your natural rate of healing is unusually fast.
You are covered in fur. (AC +1)
You have tough skin. (AC +1)


Message History

You kill the worm!
The angel lectures its feet at length about the Axioms of Law.
You see here a worm corpse.
l - a dark potion
Things that are here:
a +1 dagger of speed; a +0 robe; the human corpse of Jessica You open the door.
An orc and 3 gnolls come into view.
The gnoll shouts! x3; You hear a shout! x3
A gnoll comes into view. It is wielding a +0 halberd.
Found a blue potion.
An orc and a rat come into view.
The orc shouts!
An orc comes into view. It is wielding a +0 dagger.
The gnoll hits you with a +0 flail!
An orc comes into view. It is wielding a +4 flail.
The gnoll hits you with a +0 spear. The gnoll hits you but does no damage.
There is an open door, spattered with blood here.
The gnoll barely misses you.
You sock the gnoll!
The gnoll is heavily wounded.
The gnoll barely misses you.
The gnoll hits you from afar with a +0 spear.
The gnoll hits you with a +0 flail.
You sock the gnoll!
You kill the gnoll!
The gnoll hits you from afar with a +0 halberd!
* * * LOW HITPOINT WARNING * * *
The gnoll hits you from afar with a +0 spear.
* * * LOW HITPOINT WARNING * * *
The gnoll completely misses you.
Your Dodging skill increases to level 2!
The gnoll hits you from afar with a +0 spear!
* * * LOW HITPOINT WARNING * * *
The gnoll throws a throwing net.
The throwing net hits you.
You become entangled in the net!
You see here a throwing net.
You struggle against the net.
The gnoll hits you from afar with a +0 spear.
You die...

.#...#......#
.#...#..#...# .
.#####..#...####.. #####.
..._....#.....(... ......
........#.........
##############).†..####.
..............†.........>
###......######....#####.
#......# ##@..# #......#
#..## ###......#
#g.######.# .........#
#..g....... ###......#
###.#####.# ###......#
#o## ..'......# #rg#
###......# ##o# ########
#..........


You could see 3 gnolls, 2 orcs and a rat.

Vanquished Creatures
  Jessica (D:3)
  A gnoll (D:3)
  3 adders
  2 worms (D:3)
  2 dart slugs
  4 endoplasms
  3 giant cockroaches
  6 goblins
  4 hobgoblins
  3 kobolds
  3 quokkas
  4 ball pythons
  8 bats
  7 frilled lizards
  2 rats
53 creatures vanquished.

Notes
Turn   | Place    | Note
-------+----------+-------------------------------------------
     0 | D:1      | Descartes the Troll Wanderer began the quest for the Orb.
     0 | D:1      | Descartes set off with the following items: a +0 club, a +0
                  | robe, a wand of polymorph (3); and the following spell
                  | memorised: Apportation; and the following spells available
                  | to memorise: Gell's Gravitas, Corpse Rot, Poisonous
                  | Vapours, Iskenderun's Mystic Blast
     0 | D:1      | Reached XP level 1. HP: 16/16 MP: 1/1
    92 | D:1      | Reached skill level 1 in Maces & Flails
   113 | D:1      | Found a faded altar of an unknown god.
   128 | D:1      | Prayed at the altar of an unknown god.
   128 | D:1      | Became a worshipper of Ashenzari the Shackled
   187 | D:1      | Reached XP level 2. HP: 24/24 MP: 2/2
   433 | D:1      | Reached skill level 2 in Maces & Flails
   790 | D:2      | Reached XP level 3. HP: 31/31 MP: 3/3
   978 | D:2      | Reached skill level 1 in Dodging
  1543 | D:3      | Reached XP level 4. HP: 39/39 MP: 4/4
  1633 | D:3      | Noticed Jessica
  1645 | D:3      | Found a glowing silver altar of Zin.
  1645 | D:3      | Noticed an angel
  1653 | D:3      | Killed Jessica
  1654 | D:3      | Reached skill level 3 in Maces & Flails
  1695 | D:3      | HP: 1/39 [gnoll/+0 spear (7)]
  1696 | D:3      | Slain by a gnoll

Illustrated notes

Levels and vault maps discovered:
D:1:      onia_arrival_pentagram, layout_loops_ring,
          ebering_ecumenical_altar_hall
D:2:      minmay_skewed_foursquare, layout_basic
D:3:      layout_basic, grunt_temple_overflow_order_and_chaos_1,
          minmay_surrounded, uniq_jessica

Skill      XL: |  1  2  3  4 |
---------------+-------------+-----
Maces & Flails | 1 2 3 |  3.2
Dodging        | 1 2 |  2.0
Spellcasting   | |  1.2
Translocations | |  2.9
Air Magic      | |  1.2
Invocations    | |  1.0
Evocations     | |  1.0

Action                   |  1- 3 |  4- 6 || total
-------------------------+-------+-------++-------
Melee: Club              |   165 |    34 ||   199
       Punch             |     1 |     1 ||     2
Invok: Curse Item        |     1 |       ||     1
Armor: Robe              |    80 |     9 ||    89
Dodge: Dodged            |    99 |    20 ||   119
